 Dungeon Crawl Stone Soup version 0.32-a0-975-g85d4e5bfdb (webtiles) character file.

Game seed: 14551992537890656023

26833 RBrandon the Frost Mage (level 13, -1/81 HPs)
             Began as an Octopode Shapeshifter on Apr 18, 2024.
             Was an Elder of Beogh.
             Slain by a ten-headed hydra (17 damage)
             ... on level 4 of the Lair of Beasts.
             The game lasted 00:29:52 (13891 turns).

RBrandon the Frost Mage (Octopode Shapeshifter)    Turns: 13891, Time: 00:29:53

Health: -1/81      AC:  1    Str: 15    XL:     13   Next: 28%
Magic:  13/17      EV: 25    Int: 16    God:    Beogh [****..]
Gold:   660        SH:  0    Dex: 11    Spells: 6/12 levels left

rFire   + .          .
                       - Unarmed
rCold   . . .        (shield currently unavailable)
rNeg    . . .        (helmet restricted)
rPois   .            (no amulet)
rElec   .            j - ring of see invisible
rCorr   .            s - ring of protection from cold
SInv    +            y - +5 ring of evasion
Will    .....        q - ring of fire
Stlth   +            (no ring)
HPRegen 0.33/turn    (no ring)
MPRegen 0.15/turn    (no ring)
                     (no ring)

%: no passive effects
@: flux-form, glowing
A: glow, contaminating, almost no armour, amphibious, 8 rings, camouflage 1,
gelatinous body 1, (nimble swimmer 1), tentacles
a: Begin Untransformation, Renounce Religion, Smiting, Recall Apostles, Dismiss
Herok, warrior, Dismiss Boghold, priest, Dismiss Bladwarg, priest


You were on level 4 of the Lair of Beasts.
You worshipped Beogh.
Beogh was greatly pleased with you.
You were something dangerously unstable.
You visited 2 branches of the dungeon, and saw 12 of its levels.
You also visited: Sewer.

You collected 660 gold pieces.

Inventory:

Missiles
 f - a throwing net (quivered)
Jewellery
 j - a ring of see invisible (left tentacle)
 q - a ring of fire (on tentacle)
 s - a ring of protection from cold (right tentacle)
 y - a +5 ring of evasion (on tentacle)
 G - a ring of fire
Talismans
 b - a beast talisman
 c - a flux talisman (active)
Wands
 v - a wand of flame (7)
 z - a wand of charming (16)
 A - a wand of polymorph (17)
 F - a wand of iceblast (12)
Scrolls
 e - 4 scrolls of vulnerability
 h - 5 scrolls of amnesia
 i - 5 scrolls of teleportation
 k - 4 scrolls of enchant armour
 m - a scroll of torment
 n - 3 scrolls of noise
 o - 3 scrolls of revelation
 t - a scroll of fear
 u - 3 scrolls of immolation
 w - a scroll of poison
 C - a scroll of brand weapon
Potions
 d - 2 potions of brilliance
 g - a potion of enlightenment
 l - a potion of magic {unknown}
 x - 3 potions of curing
 B - 2 potions of mutation
 H - 3 potions of attraction
 I - 2 potions of berserk rage
 J - a potion of might
Miscellaneous
 a - a lightning rod (4/4)
 D - a tin of tremorstones (2/2)
 E - a phantom mirror


   Skills:
 - Level 5.1 Fighting
 + Level 10.6 Dodging
 - Level 10.9 Unarmed Combat
 - Level 11.0 Ice Magic
 - Level 6.2 Invocations
 - Level 5.9 Evocations
 - Level 8.3 Shapeshifting


You had 6 spell levels left.
You knew the following spells:

 Your Spells              Type           Power      Damage    Failure   Level
a - Ozocubu's Armour      Ice            35%        N/A       1%          3
b - Frozen Ramparts       Ice            70%        1d11      1%          3

Your spell library contained the following spells:

 Spells                   Type           Power      Damage    Failure   Level
 Necrotise                Necr           0%         1d4       26%         1
 Call Imp                 Summ           0%         N/A       36%         2
 Cigotuvi's Dreadful Rot  Necr/Alch/Air  0%         N/A       36%         2
 Sublimation of Blood     Necr           0%         N/A       36%         2
 Stone Arrow              Conj/Erth      0%         3d7       58%         3
 Tukima's Dance           Hex            0%         N/A       58%         3
 Vampiric Draining        Necr           0%         2d6       58%         3
 Metabolic Englaciation   Hex/Ice        8%         N/A       58%         5
 Dimensional Bullseye     Hex/Tloc       0%         N/A       94%         4
 Dispel Undead            Necr           0%         3d6       94%         4
 Iskenderun's Mystic Bla Conj/Tloc 0%             2d3        (+2d1     94%         4
 Martyr's Knell           Necr/Summ      0%         N/A       94%         4
 Petrify                  Alch/Erth      0%         N/A       94%         4
 Curse of Agony           Necr           0%         N/A       100%        5
 Irradiate                Conj/Alch      0%         3d11      100%        5
 Seismic Cannonade        Alch/Erth      0%         6d4       100%        7
 Summon Hydra             Summ           0%         N/A       100%        7
 Fulsome Fusillade        Conj/Alch      0%         (3-5)d4   100%        8
 Lehudib's Crystal Spear  Conj/Erth      0%         10d2      100%        8
 Animate Armour           Summ/Erth      Unusable   N/A       N/A         4

Dungeon Overview and Level Annotations

Branches:
Dungeon (8/15)             Temple (0/1) D:7            Lair (4/5) D:8
  Swamp (0/4) Lair:2        Snake (0/4) Lair:3        Slime (0/5) Lair:4
  Sewer (visited)

Altars:
Ashenzari
Fedhas
Gozag
Hepliaklqana
Qazlal
Xom
Jiyva

Shops:
D:2 (

Annotations:
D:4 2 transporters, jr88keys's ghost, amateur GrFi
D:6 1 runed translucent door, Crazy Yiuf


Innate Abilities, Weirdness & Mutations

You are something dangerously unstable.
You glow with magical radiation, making you easy to see and hit.
Foes you strike become dangerously contaminated with magical radiation.
You are incapable of wielding weapons or throwing items.
Your facial features are unmistakably orcish.
You cannot wear most types of armour.
You are amphibious.
You can wear up to eight rings at the same time.
Your skin changes colour to match your surroundings (Stealth+).
Your rubbery body absorbs attacks. (AC +1, EV +1)
((You are camouflaged when in or above water. (Stealth+)))
You have tentacles for arms and can constrict up to eight enemies at once.


Message History

The seven-headed hydra barely misses Herok.
The seven-headed hydra bites Herok! x2
The seven-headed hydra closely misses Herok.
The seven-headed hydra bites Herok!
The seven-headed hydra closely misses Herok.
The seven-headed hydra bites Herok!
Herok hits the seven-headed hydra with the +10 battleaxe of Spite!!
A cane toad comes into view.
Herok hits the seven-headed hydra with the +10 battleaxe of Spite!!
Herok slices one of the seven-headed hydra's heads off!
The six-headed hydra grows two more!
You bludgeon the eight-headed hydra!
The eight-headed hydra begins to glow.
The eight-headed hydra is severely wounded.
The eight-headed hydra completely misses you.
The eight-headed hydra bites you!
The eight-headed hydra barely misses you.
The eight-headed hydra completely misses you.
The eight-headed hydra misses you. The eight-headed hydra bites you! x2
The eight-headed hydra bites you.
* * * LOW HITPOINT WARNING * * *
Boghold hits the eight-headed hydra with a +2 mace of protection.
Bladwarg hits the eight-headed hydra with a +1 heavy hand axe!
Bladwarg chops one of the eight-headed hydra's heads off!
The seven-headed hydra grows two more!
Herok hits the nine-headed hydra with the +10 battleaxe of Spite!
Herok hacks one of the nine-headed hydra's heads off!
The eight-headed hydra grows two more!
Herok is healed.
Aiming: Smiting
Press: ? - help, Dir - move target, f - ten-headed hydra Smite: a ten-headed hydra (severely wounded, not watching you, contaminated, ally target)
You smite the ten-headed hydra!!
The ten-headed hydra is almost dead.
The ten-headed hydra bites you!
* * * LOW HITPOINT WARNING * * *
The ten-headed hydra misses you.
The ten-headed hydra closely misses you.
The ten-headed hydra bites you!
* * * LOW HITPOINT WARNING * * *
The ten-headed hydra bites you!
You die...

.....#.§.♣♣.♣♣♣#...###
#### #.§♣♣.♣.♣♣..#.###
♣♣♣♣♣♣....(....P# ♣
♣♣♣♣.P........#
♣♣.#♣.♣.....#.##>P## ##
♣..........##.#..P.#####.
...........#..#P.........
P........oo.#.#....#.##.†
#.......pDo...#..o#######
#.#........##.#....# #
#$..........#..#.o.# #
P.......#.P.......## ##
...........##.....## ###.
...........##......###.##
...F.......###..#........
##..... ........###P.P##
..#.#....######


You could see a ten-headed hydra (contam, ally target), a cane toad, the
friendly Bladwarg the orc apostle, the friendly Boghold the orc apostle and the
friendly Herok the orc apostle.

Vanquished Creatures
  An ugly thing (D:7)
  A manticore (D:7)
  3 black mambas
  5 elephants
  2 torpor snails
  2 cane toads
  2 komodo dragons
  A dream sheep (Lair:2)
  A blink frog (Lair:2)
  4 slime creatures
  A wyvern (D:8)
  17 yaks
  2 basilisks
  3 steam dragons
  2 vampire mosquitoes (D:7)
  8 water moccasins
  3 black bears
  2 orc warriors
  A sky beast (D:7)
  2 ogres
  5 wolves (Lair:3)
  A centaur (D:7)
  3 kobold brigands
  2 phantoms
  17 bullfrogs
  A scorpion (D:6)
  3 electric eels
  4 howler monkeys
  5 jellies
  2 bombardier beetles (D:7)
  2 gnoll boudas (D:7)
  6 orc priests
  5 hounds
  4 iguanas
  A sleepcap (D:7)
  6 orc wizards
  12 gnolls
  15 adders
  4 white imps
  3 ufetubi
  3 ribbon worms
  10 dart slugs
  16 orcs
  15 ball pythons
  24 endoplasms
  17 giant cockroaches
  13 goblins
  5 hobgoblins
  10 jackals
  20 kobolds
  8 quokkas
  A bat (D:3)
  14 frilled lizards
  7 rats
327 creatures vanquished.

Vanquished Creatures (collateral kills)
  A catoblepas (Lair:2)
  2 boulder beetles
  A skyshark (Lair:3)
  2 spriggan druids (Lair:2)
  4 elephants (Lair:2)
  2 cane toads (Lair:2)
  5 black mambas
  A rime drake (Lair:3)
  3 komodo dragons
  A hornet (Lair:2)
  4 blink frogs (Lair:4)
  A slime creature (Lair:1)
  A wyvern (Lair:2)
  A steam dragon (Lair:3)
  10 yaks
  5 water moccasins
  7 wolves
  4 bullfrogs
  7 jellies
  14 endoplasms (Lair:1)
76 creatures vanquished.

Vanquished Creatures (others)
  3 orcs (D:7)
3 creatures vanquished.

Grand Total: 406 creatures vanquished

Notes
Turn   | Place    | Note
-------+----------+-------------------------------------------
     0 | D:1      | RBrandon the Octopode Shapeshifter began the quest for the
                  | Orb.
     0 | D:1      | Reached XP level 1. HP: 13/13 MP: 1/1
   103 | D:1      | Reached XP level 2. HP: 18/18 MP: 2/2
   294 | D:1      | Reached XP level 3. HP: 19/23 MP: 3/3
   723 | D:2      | Found Baicwueru's Weapon Shoppe.
   844 | D:2      | Reached XP level 4. HP: 21/28 MP: 4/4
  1670 | D:3      | Reached XP level 5. HP: 34/34 MP: 5/5
  2141 | D:4      | Found a glowing drain.
  2186 | Sewer    | Entered a sewer
  2494 | Sewer    | Reached XP level 6. HP: 39/39 MP: 6/6
  2977 | D:4      | Found a transporter.
  2978 | D:4      | Noticed jr88keys's ghost (amateur GrFi)
  2992 | D:4      | Found a transporter.
  3076 | D:4      | Became a worshipper of Beogh the Shepherd
  3265 | D:4      | Reached skill level 5 in Unarmed Combat
  3531 | D:5      | Entered Level 5 of the Dungeon
  3576 | D:5      | Reached XP level 7. HP: 29/45 MP: 7/7
  3821 | D:5      | Found a hazy altar of Hepliaklqana.
  3888 | D:5      | Reached skill level 5 in Shapeshifting
  4710 | D:6      | Reached XP level 8. HP: 42/52 MP: 8/8
  4781 | D:6      | Reached * piety under Beogh
  5454 | D:6      | Found a runed translucent door.
  5455 | D:6      | Noticed Crazy Yiuf
  5827 | D:7      | Found a staircase to the Ecumenical Temple.
  5896 | D:7      | Reached XP level 9. HP: 58/58 MP: 9/9
  6155 | D:7      | Reached ** piety under Beogh
  6752 | D:7      | Reached skill level 1 in Invocations
  7039 | D:7      | Reached skill level 5 in Invocations
  7264 | D:7      | Noticed a manticore
  7293 | D:7      | Killed a manticore
  7294 | D:7      | Reached skill level 5 in Dodging
  7299 | D:7      | Identified the +7 triple sword "Heuhez" {freeze, rC+ Will+
                  | Dex+3}
  7304 | D:7      | Reached XP level 10. HP: 55/65 MP: 10/14
  7487 | D:7      | Reached skill level 5 in Fighting
  7626 | D:7      | Noticed a cyan ugly thing
  7632 | D:7      | Killed a cyan ugly thing
  8177 | D:8      | Found a shimmering altar of Xom.
  8177 | D:8      | Found an opulent altar of Gozag.
  8178 | D:8      | Found a blossoming altar of Fedhas.
  8436 | D:8      | Found a broken altar of Ashenzari.
  8436 | D:8      | Found a stormy altar of Qazlal.
  8816 | D:8      | Found a staircase to the Lair.
  9184 | Lair:1   | Entered Level 1 of the Lair of Beasts
  9258 | Lair:1   | Noticed an elephant
  9282 | Lair:1   | Killed an elephant
  9283 | Lair:1   | Reached skill level 5 in Evocations
  9409 | Lair:1   | Learned a level 3 spell: Ozocubu's Armour
  9413 | Lair:1   | Learned a level 3 spell: Frozen Ramparts
  9421 | Lair:1   | Reached skill level 1 in Ice Magic
  9493 | Lair:1   | Noticed an elephant
  9507 | Lair:1   | Killed an elephant
  9508 | Lair:1   | Reached skill level 3 in Ice Magic
  9576 | Lair:1   | Noticed an elephant
  9591 | Lair:1   | Killed an elephant
  9592 | Lair:1   | Reached skill level 4 in Ice Magic
  9592 | Lair:1   | Reached XP level 11. HP: 69/71 MP: 15/15
  9627 | Lair:1   | Reached skill level 5 in Ice Magic
  9919 | Lair:1   | Reached skill level 6 in Ice Magic
 10184 | Lair:1   | Reached skill level 7 in Ice Magic
 10189 | Lair:1   | Reached *** piety under Beogh
 10205 | Lair:1   | Identified the +10 battleaxe of Spite {vamp, rElec rPois
                  | MP+9 Str-3}
 10205 | Lair:1   | Identified the +5 scale mail of Pan-Flutes {Int+2}
 10228 | Lair:1   | Anointed Herok the warrior as your apostle
 10397 | Lair:1   | Reached skill level 8 in Ice Magic
 10845 | Lair:2   | Noticed a spriggan druid
 10856 | Lair:2   | Reached skill level 9 in Ice Magic
 10857 | Lair:2   | Killed a spriggan druid
 10927 | Lair:2   | Reached skill level 10 in Ice Magic
 10935 | Lair:2   | Noticed Boghold
 10944 | Lair:2   | Anointed Boghold the priest as your apostle
 11139 | Lair:2   | Noticed a boulder beetle
 11163 | Lair:2   | Killed a boulder beetle
 11164 | Lair:2   | Reached XP level 12. HP: 70/77 MP: 14/16
 11168 | Lair:2   | Reached skill level 11 in Ice Magic
 11387 | Lair:2   | Reached **** piety under Beogh
 11593 | Lair:2   | Noticed a catoblepas
 11605 | Lair:2   | Killed a catoblepas
 12163 | Lair:2   | Found a staircase to the Swamp.
 12216 | Lair:3   | Noticed a skyshark
 12224 | Lair:3   | Killed a skyshark
 12225 | Lair:3   | Reached skill level 10 in Dodging
 12564 | Lair:3   | Noticed a boulder beetle
 12591 | Lair:3   | Killed a boulder beetle
 12607 | Lair:3   | Reached XP level 13. HP: 57/81 MP: 17/17
 12728 | Lair:3   | Anointed Bladwarg the priest as your apostle
 12848 | Lair:3   | Found a staircase to the Snake Pit.
 12877 | Lair:3   | Reached skill level 10 in Unarmed Combat
 13740 | Lair:4   | Found a viscous altar of Jiyva.
 13741 | Lair:4   | Found a staircase to the Slime Pits.
 13891 | Lair:4   | Slain by a ten-headed hydra

Illustrated notes

Levels and vault maps discovered:
D:1:      amcnicky_arrival_underground_garden, layout_basic
D:2:      layout_basic, serial_shops, shop, amcnicky_mini_pool_small
D:3:      minmay_door_path, layout_basic, hex_large
D:4:      layout_loops_corners, gammafunk_ghost_stat_death,
          gup_sewer_entry_pipe, minmay_misc_feat_square, grunt_ministairs_14,
          minivault_27
D:5:      layout_basic, mainiacjoe_overflow_tiny_flanked,
          chequers_serial_rivers_small_a
D:6:      layout_basic, dk_noncrumbling_3, minmay_quadrilaterals,
          uniq_crazy_yiuf_cottage
D:7:      minmay_the_grid_triangle_9x9_rhombus_full
          [minmay_the_grid_triangle_9x9_sprig,
          minmay_the_grid_triangle_9x9_negative_grid,
          minmay_the_grid_triangle_9x9_wacky_v,
          minmay_the_grid_triangle_9x9_sparse_checkered,
          minmay_the_grid_triangle_9x9_from_above,
          minmay_the_grid_triangle_9x9_skeleton,
          minmay_the_grid_triangle_9x9_minimal,
          minmay_the_grid_triangle_9x9_prize_center], layout_basic,
          minmay_temple_entry_waves, grunt_ministairs_11
D:8:      layout_basic, mainiacjoe_overflow_divided_tiny, minitemple,
          david_lair_shrubbed, chequers_serial_rivers_room_a, amethyst_killhole
Lair:1:   lemuel_slime, layout_chaotic_city, grunt_forest_stairs_basic,
          serial_bayou_shore_a, lemuel_fruit_tree
Lair:2:   layout_chaotic_city, mainiacjoe_swamp_entry_angry_trees,
          grunt_forest_small_clearings, minmay_shattered_shrine
Lair:3:   layout_loops_ring, minmay_snake_entry_six_corridors,
          grunt_megastairs_5
Lair:4:   layout_loops_ring, minmay_slime_entry_pillars,
          pdpol_lair_cabin_in_the_woods

Skill      XL: |  1  2  3  4  5  6  7  8  9 10 11 12 13 |
---------------+----------------------------------------+-----
Unarmed Combat | 4 5 7 8 9 10 | 10.9
Fighting       | 2 3 4 5 |  5.1
Shapeshifting  | 4 5 7 8 |  8.3
Dodging        | 3 4 5 10 | 10.6
Invocations    | 5 6 |  6.2
Evocations     | 5 |  5.9
Ice Magic      | 4 10 11 | 11.0

Action                     |  1- 3 |  4- 6 |  7- 9 | 10-12 | 13-15 || total
---------------------------+-------+-------+-------+-------+-------++-------
  Melee: Unarmed           |    63 |   182 |   219 |   290 |    63 ||   817
         Constrict         |    17 |    51 |    57 |    44 |    13 ||   182
         Tentacles         |    15 |    44 |    46 |   102 |    23 ||   230
         Punch             |     1 |     9 |     9 |     1 |       ||    20
   Cast: Frozen Ramparts   |       |       |       |     9 |     2 ||    11
         Ozocubu's Armour  |       |       |       |     7 |     2 ||     9
 Invoke: Convert to Beogh  |       |     1 |       |       |       ||     1
         Smiting           |       |       |     2 |     5 |     1 ||     8
         Recruit Apostle   |       |       |       |     2 |     1 ||     3
         Recall Apostles   |       |       |       |     1 |     2 ||     3
  Evoke: Wand              |       |     6 |    10 |     5 |       ||    21
         Tin of tremorston |       |       |       |     2 |       ||     2
         Lightning rod     |       |       |       |     6 |       ||     6
         Phantom mirror    |       |       |       |     1 |       ||     1
    Use: Potion            |       |       |     3 |     7 |       ||    10
         Scroll            |       |       |       |    18 |     2 ||    20
   Stab: Sleeping          |     3 |    19 |     2 |       |       ||    24
 Armour: Skin              |    18 |    68 |   133 |   104 |    24 ||   347
  Dodge: Dodged            |    29 |    86 |   135 |   222 |    67 ||   539
   Form: Flux              |       |       |     1 |       |       ||     1

Table legend: (Time is in decaauts)
 A = Elapsed time spent in this place.
 B = Non-inter-level travel time spent in this place.
 C = Inter-level travel time spent in this place.
 D = Time resting spent in this place.
 E = Time spent auto-exploring this place.
 F = Levels seen in this place.
 G = Mean time per level.
                   A        B        C        D        E       F      G
               +--------+--------+--------+--------+--------+-----+--------+
         Total |  13761 |  13515 |    246 |   2102 |   8737 |  13 | 1058.5 |
       Dungeon |   8753 |   8613 |    140 |   1001 |   6046 |   8 | 1094.1 |
          Lair |   4635 |   4529 |    106 |   1050 |   2592 |   4 | 1158.8 |
         Sewer |    372 |    372 |      0 |     51 |     99 |   1 |  372.0 |
               +--------+--------+--------+--------+--------+-----+--------+

Top non-repeatable levels by time:
     D:7: 2176 daAuts
  Lair:2: 1624 daAuts
  Lair:3: 1353 daAuts
  Lair:1: 1350 daAuts
     D:8: 1238 daAuts
     D:5: 1157 daAuts
     D:4: 1060 daAuts
     D:6: 1040 daAuts
     D:3: 830 daAuts
     D:2: 709 daAuts
     D:1: 541 daAuts
   Sewer: 372 daAuts
  Lair:4: 307 daAuts

Levels and vault maps discovered:
D:1:      amcnicky_arrival_underground_garden, layout_basic
D:2:      layout_basic, serial_shops, shop, amcnicky_mini_pool_small
D:3:      minmay_door_path, layout_basic, hex_large
D:4:      layout_loops_corners, gammafunk_ghost_stat_death,
          gup_sewer_entry_pipe, minmay_misc_feat_square, grunt_ministairs_14,
          minivault_27
D:5:      layout_basic, mainiacjoe_overflow_tiny_flanked,
          chequers_serial_rivers_small_a
D:6:      layout_basic, dk_noncrumbling_3, minmay_quadrilaterals,
          uniq_crazy_yiuf_cottage
D:7:      minmay_the_grid_triangle_9x9_rhombus_full
          [minmay_the_grid_triangle_9x9_sprig,
          minmay_the_grid_triangle_9x9_negative_grid,
          minmay_the_grid_triangle_9x9_wacky_v,
          minmay_the_grid_triangle_9x9_sparse_checkered,
          minmay_the_grid_triangle_9x9_from_above,
          minmay_the_grid_triangle_9x9_skeleton,
          minmay_the_grid_triangle_9x9_minimal,
          minmay_the_grid_triangle_9x9_prize_center], layout_basic,
          minmay_temple_entry_waves, grunt_ministairs_11
D:8:      layout_basic, mainiacjoe_overflow_divided_tiny, minitemple,
          david_lair_shrubbed, chequers_serial_rivers_room_a, amethyst_killhole
Lair:1:   lemuel_slime, layout_chaotic_city, grunt_forest_stairs_basic,
          serial_bayou_shore_a, lemuel_fruit_tree
Lair:2:   layout_chaotic_city, mainiacjoe_swamp_entry_angry_trees,
          grunt_forest_small_clearings, minmay_shattered_shrine
Lair:3:   layout_loops_ring, minmay_snake_entry_six_corridors,
          grunt_megastairs_5
Lair:4:   layout_loops_ring, minmay_slime_entry_pillars,
          pdpol_lair_cabin_in_the_woods

Table legend: (Time is in decaauts)
 A = Elapsed time spent in this place.
 B = Non-inter-level travel time spent in this place.
 C = Inter-level travel time spent in this place.
 D = Time resting spent in this place.
 E = Time spent auto-exploring this place.
 F = Levels seen in this place.
 G = Mean time per level.
                   A        B        C        D        E       F      G
               +--------+--------+--------+--------+--------+-----+--------+
         Total |  13761 |  13515 |    246 |   2102 |   8737 |  13 | 1058.5 |
       Dungeon |   8753 |   8613 |    140 |   1001 |   6046 |   8 | 1094.1 |
          Lair |   4635 |   4529 |    106 |   1050 |   2592 |   4 | 1158.8 |
         Sewer |    372 |    372 |      0 |     51 |     99 |   1 |  372.0 |
               +--------+--------+--------+--------+--------+-----+--------+

Top non-repeatable levels by time:
     D:7: 2176 daAuts
  Lair:2: 1624 daAuts
  Lair:3: 1353 daAuts
  Lair:1: 1350 daAuts
     D:8: 1238 daAuts
     D:5: 1157 daAuts
     D:4: 1060 daAuts
     D:6: 1040 daAuts
     D:3: 830 daAuts
     D:2: 709 daAuts
     D:1: 541 daAuts
   Sewer: 372 daAuts
  Lair:4: 307 daAuts

Table legend:
 A = Kills in this place as a percentage of kills in the entire game.
 B = Kills by you in this place as a percentage of kills by you in the entire game.
 C = Kills by friends in this place as a percentage of kills by friends in the entire game.
 D = Other kills in this place as a percentage of other kills in the entire game.
 E = Experience gained in this place as a percentage of experience gained in the entire game.
 F = Experience gained in this place divided by the number of levels of this place that you have seen.
                   A       B       C       D       E      F
               +-------+-------+-------+-------+-------+----------------------
         Total | 100.0 | 100.0 | 100.0 |   N/A | 100.0 | 2948.8
       Dungeon |  52.1 |  64.2 |   0.0 |   N/A |  18.5 | 884.9
          Lair |  35.0 |  19.9 | 100.0 |   N/A |  80.9 | 7753.2
         Sewer |  12.9 |  15.9 |   0.0 |   N/A |   0.6 | 242.0
               +-------+-------+-------+-------+-------+----------------------
